[Event "Titled Tuesday Blitz April 4 Early 2023"]
[White "Garrido, Denis"]
[Black "Romero Pallares, Daniel"]
[WhiteFideId "601217"]
[BlackFideId "32025637"]
[WhiteElo "2342"]
[BlackElo "2195"]
[Result "1-0"]
[Round "04"]
[TimeControl "180+2"]
[Date "2023.04.04"]
[WhiteClock "0:01:32"]
[BlackClock "0:00:47"]

1. e4 d5 2. exd5 Qxd5 3. Nc3 Qa5 4. d4 Nf6 5. Bd2 c6 6. Nf3 Bf5 7. Bc4 Qc7 8. O-O e6 9. Nh4 Bg6 10. Qf3 Nbd7 11. Qh3 Be7 12. Nxg6 fxg6 13. Qxe6 Rf8 14. Rfe1 Nb6 15. Nb5 cxb5 16. Bxb5+ Kd8 17. Bf4 Qxf4 18. Qxe7+ Kc8 19. Qxf8+ Kc7 20. Qc5+ Kd8 21. Re5 Rc8 22. Qd6+ Nbd7 23. Re8+ 1-0


[Site "https://www.chess.com"]

[Event "Titled Tuesday Blitz April 4 Early 2023"]
[White "Polanco Nunez, Yoel Estarling"]
[Black "Reprintsev, Alexander"]
[WhiteFideId "6401783"]
[BlackFideId "14100541"]
[WhiteElo "2132"]
[BlackElo "2211"]
[Result "0-1"]
[Round "04"]
[TimeControl "180+2"]
[Date "2023.04.04"]
[WhiteClock "0:00:41"]
[BlackClock "0:00:30"]

1. d4 d5 2. Nf3 Nc6 3. Bf4 Bg4 4. Nbd2 e6 5. c3 Bd6 6. Bxd6 cxd6 7. Qb3 Nge7 8. e3 O-O 9. Bd3 a6 10. O-O b5 11. a4 Na5 12. Qc2 Bf5 13. axb5 axb5 14. e4 dxe4 15. Bxe4 d5 16. Bxf5 Nxf5 17. Ne5 Nc4 18. Ndxc4 bxc4 19. b3 cxb3 20. Qxb3 Qc7 21. Rfb1 Rab8 22. Qa3 Rxb1+ 23. Rxb1 f6 24. Nd3 Qc4 25. Nc5 Qe2 26. Qb2 Qxb2 27. Rxb2 e5 28. Rb7 exd4 29. Ne6 Re8 30. g4 Rxe6 31. gxf5 Re1+ 32. Kg2 dxc3 33. Rc7 d4 34. Rc4 Re5 35. Rxd4 Rc5 36. Rd1 c2 37. Rc1 Kf7 38. Kf1 Ke7 39. Ke2 Kd6 40. f4 Kd5 41. Kd3 Rc7 42. h4 h5 43. Ke3 Rc4 44. Kd3 Rxf4 45. Rxc2 Rxf5 46. Rg2 g5 47. Ke3 g4 48. Ra2 Rf3+ 49. Ke2 Rc3 50. Ra5+ Rc5 51. Ra8 Ke4 52. Re8+ Kf4 53. Rh8 Kg3 54. Rh6 Rf5 0-1


[Site "https://www.chess.com"]

[Event "Titled Tuesday Blitz April 4 Early 2023"]
[White "Romero Ruscalleda, Josep"]
[Black "Baches Garcia, Guillermo"]
[WhiteFideId "2231859"]
[BlackFideId "2209764"]
[WhiteElo "2183"]
[BlackElo "2476"]
[Result "1/2-1/2"]
[Round "04"]
[TimeControl "180+2"]
[Date "2023.04.04"]
[WhiteClock "0:00:29"]
[BlackClock "0:00:15"]

1. e4 c5 2. c3 d5 3. exd5 Qxd5 4. Nf3 Nc6 5. Na3 Bg4 6. Be2 e6 7. O-O Nf6 8. Qb3 Qxb3 9. axb3 Be7 10. h3 Bh5 11. Nb5 O-O 12. d3 Rfd8 13. Rd1 a6 14. Na3 b5 15. Be3 Nd5 16. Nc2 Nxe3 17. fxe3 Bg6 18. Kf2 e5 19. e4 f6 20. Ne3 Bf7 21. Nh4 Bxb3 22. Rd2 g6 23. c4 bxc4 24. Nd5 cxd3 25. Bxd3 c4 26. Be2 Bc5+ 27. Kf1 Kg7 28. Nf3 Nb4 29. Nc7 Rxd2 30. Nxd2 Rc8 31. Nxa6 Nxa6 32. Nxb3 cxb3 33. Bxa6 Rd8 34. Ke2 Rd4 35. Bd3 Rb4 36. Ra5 Bd4 37. Rb5 Rxb5 38. Bxb5 Bxb2 39. Bc4 Kh6 40. Kf3 Kg5 41. Bxb3 h5 42. Bf7 h4 43. Be6 Bd4 44. Bd7 Bc5 45. Be6 Bb6 46. Bd7 Ba5 47. Be6 Be1 48. Bd7 Bg3 49. Be6 f5 50. Bd7 Kf6 51. Bc8 Kg5 52. Bd7 Kf6 53. Bc8 Kg5 54. Bd7 1/2-1/2


[Site "https://www.chess.com"]

[Event "Titled Tuesday Blitz April 4 Early 2023"]
[White "Ovezdurdyyeva, Jemal"]
[Black "Bettalli, Francesco"]
[WhiteFideId "14001888"]
[BlackFideId "2816453"]
[WhiteElo "2043"]
[BlackElo "2216"]
[Result "1-0"]
[Round "04"]
[TimeControl "180+2"]
[Date "2023.04.04"]
[WhiteClock "0:00:16"]
[BlackClock "0:00:11"]

1. e4 g6 2. d4 Bg7 3. Nc3 d6 4. Nf3 a6 5. h3 b5 6. a3 Bb7 7. Bg5 Nd7 8. Be2 h6 9. Be3 c5 10. Qd2 cxd4 11. Nxd4 Ngf6 12. O-O Nxe4 13. Nxe4 Bxe4 14. Rfe1 h5 15. Bg5 Nf6 16. a4 bxa4 17. Rxa4 Bb7 18. Bf3 Bxf3 19. Nxf3 O-O 20. Qe2 Qb6 21. Qxe7 Rfe8 22. Bxf6 Rxe7 23. Bxe7 Re8 24. b3 Qc7 25. Rae4 Qxc2 26. R4e3 d5 27. R1e2 Qc1+ 28. Re1 Qc6 29. Bc5 Rxe3 30. Bxe3 Qc3 31. Rb1 d4 32. Bd2 Qc2 33. Rc1 Qxb3 34. Rc8+ Bf8 35. Bh6 Qb1+ 36. Kh2 Kh7 37. Bxf8 Qb5 38. h4 d3 39. Ng5+ Qxg5 40. hxg5 d2 41. Rd8 Kg8 42. Bb4+ Kh7 43. Bxd2 a5 44. Rd7 a4 45. Rxf7+ Kg8 46. Ra7 a3 47. Rxa3 Kf8 48. Ra7 h4 49. Kh3 Ke8 50. Kxh4 Kf8 51. Kg4 Kg8 52. Kf4 Kh8 53. Ke5 Kg8 54. Kf6 Kh8 55. Kxg6 Kg8 56. Ra8# 1-0


[Site "https://www.chess.com"]

[Event "Titled Tuesday Blitz April 4 Early 2023"]
[White "Nguyen, Hong Anh"]
[Black "Fuzesabonyilaci"]
[WhiteFideId "12406732"]
[WhiteElo "2054"]
[BlackElo "2326"]
[Result "1-0"]
[Round "04"]
[TimeControl "180+2"]
[Date "2023.04.04"]
[WhiteClock "0:00:18"]
[BlackClock "0:00:16"]

1. e4 c6 2. d4 g6 3. c4 Bg7 4. Nc3 d6 5. Be2 e5 6. Nf3 Ne7 7. O-O O-O 8. Be3 Bg4 9. h3 Bxf3 10. Bxf3 Nd7 11. Be2 Qc7 12. d5 c5 13. Bg5 f6 14. Bh4 Bh6 15. Bg4 Kg7 16. Rb1 Nb6 17. Qe2 f5 18. exf5 Nxf5 19. Bxf5 Rxf5 20. Ne4 Raf8 21. b4 cxb4 22. Rxb4 Nd7 23. Be7 b6 24. Bxd6 Qd8 25. Bxf8+ Qxf8 26. Ra4 a5 27. Qg4 Qe7 28. d6 Qe8 29. Ra3 Rf4 30. Qe2 Qe6 31. Rg3 Rf8 32. Rd1 Rc8 33. Rd5 Bf4 34. Ng5 Qg8 35. Rg4 Qxd5 36. Rxf4 Qxd6 37. Rf7+ Kg8 38. Rxh7 Qf6 39. h4 Nf8 40. Rf7 Qd6 41. Rf3 Qd4 42. Ne4 Qxc4 43. Nf6+ Kg7 44. Qxe5 Qc1+ 45. Kh2 Qc7 46. Ne8+ Kh7 47. Nxc7 Nd7 48. Rf7+ 1-0


[Site "https://www.chess.com"]

[Event "Titled Tuesday Blitz April 4 Early 2023"]
[White "Kohler, Aran"]
[Black "Wahedi, Ahmad Siar"]
[WhiteFideId "1002856"]
[BlackFideId "4651260"]
[WhiteElo "2303"]
[BlackElo "2251"]
[Result "0-1"]
[Round "04"]
[TimeControl "180+2"]
[Date "2023.04.04"]
[WhiteClock "0:00:11"]
[BlackClock "0:01:10"]

1. d4 d6 2. e4 Nf6 3. Nc3 Nbd7 4. f4 c5 5. d5 g6 6. Nf3 Bg7 7. Be2 O-O 8. a4 a6 9. O-O Rb8 10. Kh1 b5 11. axb5 axb5 12. e5 Ng4 13. e6 Nb6 14. exf7+ Rxf7 15. Ng5 Nf6 16. Nxf7 Kxf7 17. Bxb5 Bf5 18. Qe2 h5 19. Bc6 Qc7 20. Be3 Ne4 21. Nb5 Qd8 22. c4 Nc8 23. Ra8 Rxa8 24. Bxa8 Qa5 25. Bc6 Qb4 26. Bc1 Nb6 27. Na3 Bd4 28. Nc2 Qxc4 29. Qxc4 Nxc4 30. Nxd4 cxd4 31. Bb5 Nb6 32. g3 Nxd5 33. Kg2 Nb4 34. Rd1 e5 35. fxe5 dxe5 36. Bd2 Nxd2 37. Rxd2 Ke6 38. h4 Kd5 39. Be8 e4 40. Bf7+ Kc5 41. Rd1 Nc2 42. Rc1 d3 43. Rd1 Kd4 44. Kf2 e3+ 45. Kf3 Bg4+ 46. Kf4 Bxd1 47. Bxg6 e2 0-1


[Site "https://www.chess.com"]

[Event "Titled Tuesday Blitz April 4 Early 2023"]
[White "Goltseva, Ekaterina"]
[Black "Arat, Ufuk Sezen"]
[WhiteFideId "24173770"]
[BlackFideId "6309089"]
[WhiteElo "2200"]
[BlackElo "2289"]
[Result "1/2-1/2"]
[Round "04"]
[TimeControl "180+2"]
[Date "2023.04.04"]
[WhiteClock "0:00:06"]
[BlackClock "0:01:11"]

1. Nf3 d5 2. e3 Nf6 3. b3 g6 4. Bb2 Bg7 5. g3 c5 6. Bg2 Nc6 7. O-O O-O 8. d4 Bf5 9. Nbd2 Rc8 10. Rc1 Ne4 11. Qe2 cxd4 12. exd4 Qa5 13. Nxe4 dxe4 14. Ne5 Nxe5 15. dxe5 Bxe5 16. Bxe5 Qxe5 17. g4 Be6 18. Bxe4 Bxg4 19. Qxg4 f5 20. Qg5 Qxe4 21. Rfe1 Qd4 22. Rxe7 Rfe8 23. Rce1 Rxe7 24. Qxe7 Rxc2 25. Qe8+ Kg7 26. Qe7+ Kh6 27. Qe3+ Qxe3 28. Rxe3 Rxa2 29. Re7 b5 30. h4 a5 31. Rb7 b4 32. Kg2 Ra3 33. Rb5 Kh5 34. Kg3 Ra1 35. f3 Rg1+ 36. Kf4 Rb1 37. Rxa5 Rxb3 38. Ra7 h6 39. Ra6 Rc3 40. Rb6 Rc4+ 41. Kg3 Rxh4 42. f4 Rg4+ 43. Kf3 g5 44. Rxb4 Rxf4+ 45. Rxf4 gxf4 46. Kxf4 Kh4 47. Kxf5 h5 48. Kf4 Kh3 49. Kf3 h4 50. Kf2 Kh2 51. Kf1 h3 52. Kf2 Kh1 53. Kf1 h2 54. Kf2 1/2-1/2


[Site "https://www.chess.com"]

[Event "Titled Tuesday Blitz April 4 Early 2023"]
[White "Erzhanov, Arman"]
[Black "Kraus, Tomas"]
[WhiteFideId "4138821"]
[BlackFideId "331708"]
[WhiteElo "2138"]
[BlackElo "2389"]
[Result "0-1"]
[Round "04"]
[TimeControl "180+2"]
[Date "2023.04.04"]
[WhiteClock "0:00:27"]
[BlackClock "0:00:18"]

1. e4 e6 2. b3 d5 3. Bb2 Nf6 4. e5 Nfd7 5. f4 c5 6. Nf3 Nc6 7. c4 d4 8. Bd3 h6 9. O-O b6 10. Be4 Bb7 11. d3 Qc7 12. Nbd2 O-O-O 13. h4 Be7 14. h5 f5 15. exf6 gxf6 16. Bg6 Qxf4 17. Ne4 Nce5 18. Bc1 Qg4 19. Nxe5 Nxe5 20. Qxg4 Nxg4 21. Bf7 Kd7 22. Re1 Ne5 23. Bg6 Nxg6 24. hxg6 Rdg8 25. b4 Rxg6 26. bxc5 bxc5 27. Ba3 Rhg8 28. Re2 Bxe4 29. dxe4 Rb8 30. e5 f5 31. Rd1 Rg3 32. Bc1 h5 33. Bf4 Ra3 34. Kf2 Rb4 35. Bc1 Raa4 36. Rh1 h4 37. g3 hxg3+ 38. Kxg3 Rxc4 39. Rh7 Rc3+ 40. Kf2 Rxc1 0-1


[Site "https://www.chess.com"]

[Event "Titled Tuesday Blitz April 4 Early 2023"]
[White "Fernandez Sanchez, Mario Andres"]
[Black "KorolDimitriy75"]
[WhiteFideId "6501621"]
[WhiteElo "2050"]
[BlackElo "2467"]
[Result "1-0"]
[Round "04"]
[TimeControl "180+2"]
[Date "2023.04.04"]
[WhiteClock "0:00:50"]
[BlackClock "0:00:02"]

1. d4 Nf6 2. Bf4 c5 3. d5 Qb6 4. Bc1 g6 5. Nc3 Bg7 6. e4 d6 7. Be2 O-O 8. Nf3 e6 9. Nd2 exd5 10. exd5 Qd8 11. O-O Nbd7 12. Nc4 Nb6 13. a4 Re8 14. Bg5 Nxc4 15. Bxc4 h6 16. Bh4 a6 17. Re1 Rxe1+ 18. Qxe1 Bf5 19. Qd2 Qd7 20. Re1 Re8 21. Rxe8+ Qxe8 22. Bg3 Qe7 23. f3 Kh7 24. Bd3 Bxd3 25. Qxd3 Nh5 26. Bf2 Nf4 27. Qd2 Bxc3 28. bxc3 Qe5 29. c4 Qa1+ 30. Be1 g5 31. g3 Ng6 32. Qa5 Ne5 33. Kg2 Qd1 34. Qc3 Nxc4 35. Bf2 Nd2 36. Qd3+ Kg8 37. h4 c4 38. Qe3 Qf1+ 39. Kh2 1-0


[Site "https://www.chess.com"]

[Event "Titled Tuesday Blitz April 4 Early 2023"]
[White "Shubenkova, Veronika"]
[Black "Orujov2008"]
[WhiteFideId "44124040"]
[WhiteElo "2027"]
[BlackElo "2288"]
[Result "1-0"]
[Round "04"]
[TimeControl "180+2"]
[Date "2023.04.04"]
[WhiteClock "0:01:29"]
[BlackClock "0:00:08"]

1. e4 e5 2. Nf3 Nf6 3. Nxe5 Nxe4 4. Qe2 Qe7 5. Qxe4 d6 6. d4 dxe5 7. dxe5 Nc6 8. Bb5 Bd7 9. Bd2 O-O-O 10. Nc3 Nxe5 11. Bxd7+ Nxd7 12. Qxe7 Bxe7 13. O-O-O Nf6 14. Be3 a6 15. h3 Rxd1+ 16. Rxd1 Rd8 17. Rxd8+ Kxd8 18. Kd2 Kd7 19. a3 Bd6 20. f3 Ke6 21. Ne2 c5 22. b3 Nd5 23. c4 Nxe3 24. Kxe3 g5 25. g4 f5 26. Nc3 Be5 27. Nd5 Bd4+ 28. Kd3 fxg4 29. fxg4 Ke5 30. a4 a5 31. Ne7 Kf4 32. Nf5 Be5 33. Ke2 Ke4 34. Nh6 Kd4 35. Nf7 Bf4 36. Nd8 b6 37. Ne6+ Ke4 38. Nf8 h6 39. Nd7 Kd4 40. Nxb6 Kc3 41. Nd5+ Kxb3 42. Nxf4 gxf4 43. h4 Kxc4 44. g5 hxg5 45. h5 Kd5 46. h6 Ke4 47. h7 g4 48. h8=Q f3+ 49. Kf2 c4 50. Qe8+ Kd3 51. Qd7+ Kc2 52. Qxg4 c3 53. Qxf3 Kb2 54. Qf6 Kb3 55. Qc6 c2 56. Ke2 Kb2 1-0


[Site "https://www.chess.com"]

[Event "Titled Tuesday Blitz April 4 Early 2023"]
[White "Levitan, Caleb Levi"]
[Black "Khandelwal, Ankush"]
[WhiteFideId "14332620"]
[BlackFideId "413470"]
[WhiteElo "1963"]
[BlackElo "2263"]
[Result "0-1"]
[Round "04"]
[TimeControl "180+2"]
[Date "2023.04.04"]
[WhiteClock "0:00:01"]
[BlackClock "0:00:21"]

1. e4 c5 2. Nf3 d6 3. d4 cxd4 4. Qxd4 Nc6 5. Bb5 Bd7 6. Bxc6 bxc6 7. Nc3 e5 8. Qd3 Be7 9. Be3 Nf6 10. O-O h6 11. h3 O-O 12. Rad1 Qc7 13. Ne2 Rab8 14. b3 Be6 15. c4 Rfd8 16. Ng3 d5 17. cxd5 cxd5 18. Rc1 Qa5 19. exd5 Bxd5 20. Qe2 Ba3 21. Rcd1 Bb7 22. Nf5 Ba6 23. Rxd8+ Rxd8 24. Qe1 Bb4 25. Qb1 Bd3 26. Qa1 Bxf5 27. Rc1 Ba3 28. Re1 e4 29. Nd4 Bb2 30. Qxb2 Qxe1+ 31. Kh2 Bd7 32. Qa3 Nd5 33. Bc1 Qxf2 34. Qd6 Rc8 35. Qxd7 Rxc1 36. Qe8+ Kh7 37. Qxe4+ g6 38. Qxd5 Qf4+ 39. g3 Qd2+ 40. Qg2 Qxd4 41. Qf3 Rc2+ 42. Kh1 Qa1+ 0-1


[Site "https://www.chess.com"]

[Event "Titled Tuesday Blitz April 4 Early 2023"]
[White "Zaichenko, Daria"]
[Black "Becerra, Juan David"]
[WhiteFideId "4197453"]
[BlackFideId "4404998"]
[WhiteElo "2039"]
[BlackElo "2276"]
[Result "0-1"]
[Round "04"]
[TimeControl "180+2"]
[Date "2023.04.04"]
[WhiteClock "0:00:18"]
[BlackClock "0:00:44"]

1. e4 c5 2. Nf3 d6 3. d4 cxd4 4. Nxd4 Nf6 5. Nc3 a6 6. Be2 e5 7. Nb3 Be7 8. Be3 O-O 9. a4 Be6 10. O-O Nc6 11. Kh1 Nb4 12. f4 Rc8 13. a5 exf4 14. Bxf4 d5 15. e5 Ne4 16. Nd4 Nxc3 17. bxc3 Rxc3 18. Qd2 Qc7 19. Nxe6 fxe6 20. Bg4 Rc6 21. c3 Rxc3 22. Bxe6+ Kh8 23. Bg5 Rc2 24. Bxe7 Qxe7 25. Qg5 Qe8 26. Bf5 Rc4 27. e6 h6 28. Qg3 Rf6 29. Rae1 Nc2 30. e7 Nxe1 31. Qxe1 Rc7 32. Qe5 Rxe7 33. Qxd5 Re1 34. Qf3 Rxf1+ 35. Qxf1 Rxf5 0-1


[Site "https://www.chess.com"]

[Event "Titled Tuesday Blitz April 4 Early 2023"]
[White "Sargissyan, Sargis"]
[Black "Antonio, Jorge Carlos"]
[WhiteFideId "13303210"]
[BlackFideId "113190"]
[WhiteElo "2109"]
[BlackElo "2247"]
[Result "1-0"]
[Round "04"]
[TimeControl "180+2"]
[Date "2023.04.04"]
[WhiteClock "0:00:06"]
[BlackClock "0:00:02"]

1. e4 c5 2. Nf3 e6 3. d4 cxd4 4. Nxd4 Nc6 5. Nc3 a6 6. Nxc6 bxc6 7. Bd3 d5 8. O-O Nf6 9. Qf3 d4 10. Ne2 e5 11. Ng3 Be6 12. h3 Be7 13. Nf5 O-O 14. Re1 Bxf5 15. Qxf5 Qd7 16. Qxe5 c5 17. Qg3 Rab8 18. Bh6 Ne8 19. e5 Qe6 20. Bc1 c4 21. Be4 Nc7 22. f4 g6 23. f5 Qb6 24. f6 Bb4 25. Rf1 Rfe8 26. Kh1 Ne6 27. h4 Red8 28. h5 d3 29. hxg6 hxg6 30. Bxg6 d2 31. Bf5+ Kf8 32. Bh7 Ke8 33. Bxd2 Rxd2 34. Qg8+ Kd7 35. Qxf7+ Kc8 36. Bf5 Qc7 37. Bxe6+ Kb7 38. Qxc7+ Kxc7 39. f7 Re2 40. Bh3 Rxe5 41. Rad1 Rf8 42. Rd4 Bd6 43. Rxc4+ Kb6 44. Rd1 Bc5 45. b4 Be3 46. a4 Re7 47. Rc3 Rfxf7 48. a5+ Kb5 49. Rcd3 Kxb4 50. Rb1+ Kc4 51. Rbd1 Bc5 52. Rc1 Kb5 53. Rcd1 Re6 54. Rb1+ Kc6 55. Bxe6 Rf6 56. Bh3 Rh6 57. Kh2 Re6 58. Kh1 Re4 59. Rf1 Kb5 60. Bd7+ Kc4 61. Rb1 Re7 62. Bh3 Rh7 63. Kh2 Bd4 64. Kg3 Be5+ 65. Kf3 Rf7+ 66. Ke4 Bc7 67. Be6+ 1-0


[Site "https://www.chess.com"]

[Event "Titled Tuesday Blitz April 4 Early 2023"]
[White "Alberto, Manuel"]
[Black "Ronka, Erik"]
[WhiteFideId "10100148"]
[BlackFideId "505080"]
[WhiteElo "2166"]
[BlackElo "2264"]
[Result "0-1"]
[Round "04"]
[TimeControl "180+2"]
[Date "2023.04.04"]
[WhiteClock "0:01:13"]
[BlackClock "0:01:05"]

1. e4 c5 2. Nf3 d6 3. d4 cxd4 4. Qxd4 Nc6 5. Bb5 a6 6. Bxc6+ bxc6 7. Nc3 e5 8. Qd3 Qc7 9. O-O Nf6 10. b3 Be7 11. Ba3 O-O 12. Rad1 Rd8 13. h3 h6 14. Qe3 a5 15. Na4 Rb8 16. c4 Be6 17. Rfe1 Bf8 18. c5 Nh5 19. cxd6 Bxd6 20. Bxd6 Rxd6 21. Nc5 Rxd1 22. Rxd1 Qe7 23. Nxe5 Bxh3 24. Nxc6 Qh4 25. Nxb8 Bxg2 26. Kxg2 Nf4+ 27. Kf3 g5 28. Rg1 Qh5+ 29. Rg4 Qh1+ 30. Kg3 Qg2# 0-1


[Site "https://www.chess.com"]

[Event "Titled Tuesday Blitz April 4 Early 2023"]
[White "De Souza, Cristiano Gomes"]
[Black "Maxfan2008"]
[WhiteFideId "2151758"]
[WhiteElo "2068"]
[BlackElo "2430"]
[Result "0-1"]
[Round "04"]
[TimeControl "180+2"]
[Date "2023.04.04"]
[WhiteClock "0:00:14"]
[BlackClock "0:00:20"]

1. d4 Nf6 2. c4 e6 3. Nf3 c5 4. d5 b5 5. dxe6 fxe6 6. cxb5 Bb7 7. g3 Be7 8. Bh3 O-O 9. O-O a6 10. Nc3 Qb6 11. bxa6 Nxa6 12. b3 d5 13. Na4 Qc6 14. Bb2 d4 15. Bg2 Nb4 16. a3 Nbd5 17. Rc1 Qd6 18. Nd2 Ng4 19. Nc4 Qd8 20. h3 Nh6 21. e3 dxe3 22. fxe3 Nf5 23. Qe1 Rxa4 24. bxa4 Bg5 25. e4 Bxc1 26. Bxc1 Nc7 27. exf5 Bxg2 28. Kxg2 Qd5+ 29. Rf3 Qxc4 30. fxe6 Qd5 31. Qe2 Nxe6 32. Kf2 Rb8 33. Rd3 Nd4 34. Qd1 Rf8+ 35. Kg1 Nf3+ 36. Kf2 Ne5+ 37. Ke2 Nxd3 38. Qxd3 Rf2+ 39. Ke3 Rf3+ 0-1


[Site "https://www.chess.com"]

[Event "Titled Tuesday Blitz April 4 Early 2023"]
[White "babbilator"]
[Black "Harriott, Tyrell"]
[BlackFideId "2086484"]
[WhiteElo "2255"]
[BlackElo "2107"]
[Result "1-0"]
[Round "04"]
[TimeControl "180+2"]
[Date "2023.04.04"]
[WhiteClock "0:01:10"]
[BlackClock "0:00:38"]

1. e4 b6 2. Nc3 Bb7 3. d4 e6 4. Nf3 Bb4 5. Bd3 Nf6 6. Qe2 O-O 7. e5 Nd5 8. Bxh7+ Kxh7 9. Ng5+ Kg6 10. h4 Qe7 11. h5+ Kh6 12. Qd3 Qxg5 13. Bxg5+ Kxg5 14. h6 gxh6 15. Qg3+ Kf5 16. Rh5# 1-0


[Site "https://www.chess.com"]

[Event "Titled Tuesday Blitz April 4 Early 2023"]
[White "Putri, Regita Desyari"]
[Black "Kashtanov, Ruslan"]
[WhiteFideId "7109083"]
[BlackFideId "4124871"]
[WhiteElo "1930"]
[BlackElo "2276"]
[Result "0-1"]
[Round "04"]
[TimeControl "180+2"]
[Date "2023.04.04"]
[WhiteClock "0:00:06"]
[BlackClock "0:00:38"]

1. d4 Nf6 2. c4 g6 3. Nf3 Bg7 4. g3 O-O 5. Bg2 c5 6. O-O cxd4 7. Nxd4 Nc6 8. Nc3 Ng4 9. e3 d6 10. h3 Nxd4 11. exd4 Nh6 12. Re1 Nf5 13. d5 Rb8 14. Bg5 h6 15. Be3 a6 16. Qd2 b5 17. cxb5 axb5 18. g4 Nxe3 19. Qxe3 b4 20. Na4 Bd7 21. b3 Bxa1 22. Rxa1 Bxa4 23. bxa4 Kg7 24. h4 Qb6 25. Qe4 Rbc8 26. g5 hxg5 27. hxg5 Rc7 28. Rb1 Rb8 29. Bf1 Qc5 30. Rb3 Rh8 31. Rxb4 Rh5 32. Qd4+ Qxd4 33. Rxd4 Rxg5+ 34. Kh2 Rc2 35. Rf4 Rxa2 36. Bg2 Rf5 37. Rxf5 gxf5 38. Kg3 Rxa4 39. Bf3 Kf6 0-1


[Site "https://www.chess.com"]

[Event "Titled Tuesday Blitz April 4 Early 2023"]
[White "Pappelis, Dimitrios"]
[Black "Meduri, Aakaash"]
[WhiteFideId "4215281"]
[BlackFideId "2032252"]
[WhiteElo "2104"]
[BlackElo "2113"]
[Result "0-1"]
[Round "04"]
[TimeControl "180+2"]
[Date "2023.04.04"]
[WhiteClock "0:00:02"]
[BlackClock "0:00:15"]

1. e4 c5 2. Nf3 d6 3. Bb5+ Bd7 4. Bxd7+ Nxd7 5. c4 Ngf6 6. Nc3 g6 7. O-O Bg7 8. Re1 O-O 9. d4 cxd4 10. Nxd4 a6 11. b3 Rc8 12. Bb2 e6 13. Rc1 Qa5 14. h3 Rfd8 15. Qf3 Ne5 16. Qe2 Nc6 17. Nxc6 bxc6 18. Na4 d5 19. cxd5 cxd5 20. exd5 Nxd5 21. Bxg7 Kxg7 22. Qe5+ Kg8 23. Red1 Rxc1 24. Rxc1 Qd2 25. Qb2 Qg5 26. Kh2 Nf4 27. Rg1 Nd3 28. Qe2 Qf4+ 29. g3 Qxf2+ 30. Qxf2 Nxf2 31. Rc1 Rd2 32. Rc8+ Kg7 33. Ra8 Rxa2 34. Rxa6 Ne4+ 35. Kg1 Nxg3 36. Nc5 Rb2 37. Ra3 h5 38. b4 Nf5 39. Rb3 Rxb3 40. Nxb3 Nd6 41. Kf2 e5 42. Ke3 f5 43. Nc5 Kf6 44. Nd3 g5 45. Nf2 g4 46. hxg4 fxg4 47. Nh1 h4 48. Nf2 Kf5 49. Nd1 h3 50. Nf2 h2 51. Nh1 Kg5 52. Ng3 Kh4 53. Nh1 g3 54. Kf3 e4+ 55. Kg2 Nf5 56. b5 Kg4 57. b6 Ne3# 0-1


[Site "https://www.chess.com"]

[Event "Titled Tuesday Blitz April 4 Early 2023"]
[White "Goncalves, Davi Sulzbacher"]
[Black "Tsotsonava, Elene"]
[WhiteFideId "2154510"]
[BlackFideId "13615939"]
[WhiteElo "2182"]
[BlackElo "1829"]
[Result "0-1"]
[Round "04"]
[TimeControl "180+2"]
[Date "2023.04.04"]
[WhiteClock "0:00:20"]
[BlackClock "0:00:45"]

1. e4 c5 2. Nf3 Nc6 3. d4 cxd4 4. Nxd4 e6 5. Be2 Qc7 6. O-O Nf6 7. Nc3 Be7 8. Be3 O-O 9. f4 d6 10. g4 Nxd4 11. Bxd4 e5 12. Bf2 exf4 13. g5 Nd7 14. Nd5 Qd8 15. h4 Bxg5 16. hxg5 Qxg5+ 17. Kh2 Ne5 18. Rh1 Bg4 19. Qg1 Bxe2 20. Qxg5 Nf3+ 21. Kg2 Nxg5 22. Ne7+ Kh8 23. Bh4 Bf3+ 24. Kf2 Bxh1 25. Bxg5 Bxe4 26. Bxf4 Rfe8 27. Bxd6 Rad8 28. Ba3 Rd7 29. Re1 Rdxe7 30. Bxe7 Rxe7 31. Kg3 Re6 32. c4 h5 33. c5 g5 34. b4 Bf5 35. Rd1 h4+ 36. Kf3 h3 37. b5 g4+ 38. Kf4 Be4 39. Rd2 Bf3 40. a4 Re2 41. Rd8+ Kg7 0-1


[Site "https://www.chess.com"]

[Event "Titled Tuesday Blitz April 4 Early 2023"]
[White "Kielinkei"]
[Black "Aponte Ramos, Argimiro"]
[BlackFideId "3900568"]
[WhiteElo "2422"]
[BlackElo "2216"]
[Result "1/2-1/2"]
[Round "04"]
[TimeControl "180+2"]
[Date "2023.04.04"]
[WhiteClock "0:00:11"]
[BlackClock "0:00:13"]

1. e4 a6 2. d4 b5 3. Bd3 Bb7 4. a4 e6 5. axb5 axb5 6. Rxa8 Bxa8 7. Nf3 c5 8. c3 b4 9. O-O bxc3 10. Nxc3 cxd4 11. Nxd4 Nf6 12. Qa4 Nc6 13. Be3 Be7 14. h3 O-O 15. f4 Qb6 16. e5 Nxd4 17. Bxd4 Bc5 18. Bxc5 Qxc5+ 19. Kh2 Nd5 20. Ne4 Qe3 21. Bb1 Bc6 22. Qc4 Rb8 23. Qd3 Qxd3 24. Bxd3 Rxb2 25. Kg3 Ne3 26. Rf2 Nf5+ 27. Kf3 Rxf2+ 28. Kxf2 Bxe4 29. Bxe4 Ne7 30. Ke3 f6 31. Kd4 h6 32. Kc5 Kf7 33. Kd6 Ke8 34. Bc2 Nd5 35. g3 Nb6 36. Bb3 Nc8+ 37. Kc7 Ne7 38. exf6 gxf6 39. g4 Nc6 40. Kd6 Nd4 41. Ba2 Nc6 42. Bxe6 dxe6 43. Kxc6 Ke7 44. Kc5 Kd7 45. Kd4 Kd6 46. Ke4 Kc5 47. h4 Kd6 48. g5 fxg5 49. fxg5 hxg5 50. hxg5 Ke7 51. Ke5 Kf7 52. Kf4 Kg6 53. Kg4 e5 54. Kg3 Kxg5 55. Kf3 Kf5 56. Ke3 e4 57. Ke2 Kf4 58. Kf2 Ke5 59. Ke3 Kd5 60. Ke2 Kd4 61. Kd2 e3+ 62. Ke2 Ke4 63. Ke1 Kf3 64. Kf1 Ke4 65. Ke2 Kd4 66. Ke1 Kc3 67. Ke2 Kd4 68. Ke1 Kd3 69. Kd1 Ke4 70. Ke2 Kf4 71. Ke1 Kf3 72. Kf1 e2+ 73. Ke1 Ke3 1/2-1/2


[Site "https://www.chess.com"]

[Event "Titled Tuesday Blitz April 4 Early 2023"]
[White "Omariev, Maksim"]
[Black "Barria Santos, Jose Guilherme"]
[WhiteFideId "4193423"]
[BlackFideId "1939300"]
[WhiteElo "2420"]
[BlackElo "2266"]
[Result "1-0"]
[Round "04"]
[TimeControl "180+2"]
[Date "2023.04.04"]
[WhiteClock "0:00:01"]
[BlackClock "0:00:02"]

1. g4 d5 2. Bg2 Bxg4 3. c4 c6 4. Qb3 dxc4 5. Qxb7 Nd7 6. Na3 Ngf6 7. Nxc4 Be6 8. b3 g6 9. Ba3 Bg7 10. Rc1 O-O 11. Nf3 Nb6 12. Bxe7 Qc8 13. Nd6 Qxb7 14. Nxb7 Rfe8 15. Ba3 Bc8 16. Nd6 Rd8 17. Nxc8 Raxc8 18. O-O Re8 19. e3 Nfd5 20. d4 a5 21. Nd2 a4 22. Ne4 Red8 23. Bc5 axb3 24. axb3 Bf8 25. Ra1 Bxc5 26. Nxc5 Nb4 27. Ra7 Ra8 28. Rfa1 Rxa7 29. Rxa7 Ra8 30. Rb7 Ra1+ 31. Bf1 N6d5 32. Kg2 Na2 33. Bc4 Nac3 34. Rb8+ Kg7 35. Rc8 Ra2 36. Kg3 Ne2+ 37. Kf3 Ng1+ 38. Kg2 Ne2 39. Rxc6 Nxe3+ 40. Kf3 Nxd4+ 41. Kxe3 Nxc6 42. f4 Rxh2 43. Nd3 Rh1 44. Ke4 1-0


[Site "https://www.chess.com"]

[Event "Titled Tuesday Blitz April 4 Early 2023"]
[White "Hajiyev, Kanan"]
[Black "Samarth, J Rao"]
[WhiteFideId "13404148"]
[BlackFideId "46652370"]
[WhiteElo "2103"]
[BlackElo "1564"]
[Result "1-0"]
[Round "04"]
[TimeControl "180+2"]
[Date "2023.04.04"]
[WhiteClock "0:01:26"]
[BlackClock "0:01:11"]

1. d4 d5 2. c4 e6 3. cxd5 exd5 4. Nc3 c6 5. Qc2 Bd6 6. Nf3 Ne7 7. Bg5 f6 8. Bh4 Bf5 9. Qd2 Na6 10. e3 O-O 11. Bg3 Nc7 12. Bd3 Bxd3 13. Qxd3 Bb4 14. O-O Ne6 15. Ne2 Qd7 16. a3 Ba5 17. b4 Bd8 18. Rfc1 a6 19. Nf4 Nxf4 20. Bxf4 Qf5 21. Qxf5 Nxf5 22. a4 Be7 23. Rab1 Rfc8 24. Kf1 h5 25. h3 Kf7 26. g4 hxg4 27. hxg4 Nd6 28. Bxd6 Bxd6 29. Kg2 a5 30. b5 Bb4 31. bxc6 Rxc6 32. Rxc6 bxc6 33. Rc1 Rc8 34. Nh4 g6 35. Nf3 Ke6 36. g5 fxg5 37. Nxg5+ Kf5 38. Nf3 Bd6 39. Nd2 Bb4 40. Nb3 Ke6 41. Nc5+ Kd6 42. Nd3 g5 43. Kf3 Ke6 44. Kg4 Kf6 45. Ne5 c5 46. Nd7+ Ke6 47. Nxc5+ 1-0


[Site "https://www.chess.com"]